 Dungeon Crawl Stone Soup version 0.27.0-1-g7a089689b8 (webtiles) character file.

Game seed: 2330553868426572418

368 SnakkuSnakku7 the Vexing (level 6, 0/41 HPs)
             Began as a Vampire Conjurer on Aug 15, 2021.
             Killed from afar by an orc wizard (8 damage)
             ... with a magic dart
             ... on level 4 of the Dungeon.
             The game lasted 00:05:17 (2872 turns).

SnakkuSnakku7 the Vexing (Vampire Conjurer)         Turns: 2872, Time: 00:05:17

Health: 0/41       AC:  5    Str:  5 (6)  XL:     6   Next: 41%
Magic:  1/9        EV: 11    Int: 20 (22) God:
Gold:   108        SH:  0    Dex: 12 (13) Spells: 2/9 levels left

rFire    . . .     SeeInvis +   k - +0 quarterstaff
rCold    . . .     Faith    .   (shield currently unavailable)
rNeg     . . .     Spirit   .   d - +2 leather armour {rPois}
rPois    +         Reflect  .   (no helmet)
rElec    .         Harm     .   (no cloak)
rCorr    .         Rampage  .   (no gloves)
Will     .....                  (no boots)
Stlth    ++........             (no amulet)
HPRegen  0.33/turn              (no ring)
MPRegen  0.11/turn              (no ring)

@: healing quickly
A: alive, fangs 3, see invisible, vampiric 2
a: Exsanguinate


You were on level 4 of the Dungeon.
You visited 1 branch of the dungeon, and saw 4 of its levels.

You collected 108 gold pieces.

Inventory:

Hand Weapons
 h - a +0 short sword
 k - a +0 quarterstaff (weapon)
Armour
 a - a +0 robe
 d - a +2 leather armour of poison resistance (worn)
Scrolls
 e - a scroll of amnesia {unknown}
 g - a scroll of teleportation {unknown}
Potions
 c - a potion of curing
 f - a potion of magic {unknown}
 i - a potion of degeneration
 j - a potion of cancellation {unknown}
 l - a potion of might


   Skills:
 - Level 2.1 Dodging
 - Level 3.0 Stealth
 - Level 2.0 Spellcasting
 - Level 4.3 Conjurations
 + Level 7.3 Hexes


You had 2 spell levels left.
You knew the following spells:

 Your Spells              Type           Power      Damage    Failure   Level
a - Magic Dart            Conj           76%        1d6       4%          1
b - Searing Ray           Conj           38%        3d4       7%          2
c - Fulminant Prism       Conj/Hex       12%        3d9       24%         4

Your spell library contained the following spells:

 Spells                   Type           Power      Damage    Failure   Level
 Dazzling Flash           Conj/Hex       50%        N/A       8%          3
 Stone Arrow              Conj/Erth      20%        3d8       32%         3
 Iskenderun's Mystic Bla  Conj/Tloc      10%        2d4       73%         4
 Bolt of Magma            Conj/Fire/Erth 3%         4d5       99%         5
 Shatter                  Erth           1%         3d5*      100%        9


Dungeon Overview and Level Annotations

Branches:
Dungeon (4/15)
 Temple: D:4-7

Altars:

Annotations:
D:3 fiver49's ghost, amateur FoBr


Innate Abilities, Weirdness & Mutations

Your natural rate of healing is accelerated.
You have razor-sharp teeth.
You have supernaturally acute eyesight. (SInv)
You are afflicted with vampirism and can become a bat while bloodless.


Message History

You feel weakened.
You feel dopey.
You feel clumsy. The orc closely misses you.
An orc comes into view. It is wielding a +0 flail.
The orc wizard closely misses you.
Unknown command.
Casting: Searing Ray (safe; 7% risk of failure)
Confirm with . or Enter, or press ? or * to list all spells.
Aiming: Searing Ray (safe; 7% risk of failure)
Press: ? - help, Shift-Dir - straight line, f - orc wizard
Aim: an orc wizard, wielding a +0 dagger and wearing a +0 robe (severely wounded, slightly transparent, 72% to hit)
Okay, then.
Aiming: Magic Dart (safe; 4% risk of failure)
Press: ? - help, Q - select action, (/) - cycle Shift-Dir - straight line, f - orc wizard
Aim: an orc wizard, wielding a +0 dagger and wearing a +0 robe (severely wounded, slightly transparent, 100% to hit)
The magic dart hits the orc wizard but does no damage.
The orc wizard is severely wounded.
The orc shouts!
The orc wizard hits you with a +0 dagger.
* * * LOW HITPOINT WARNING * * *
The orc closely misses you. The orc wizard misses you.
Unknown command.
Casting: Magic Dart (safe; 4% risk of failure)
Confirm with . or Enter, or press ? or * to list all spells.
Aiming: Searing Ray (safe; 7% risk of failure)
Press: ? - help, Shift-Dir - straight line, f - orc wizard, p - orc wizard
Aim: an orc wizard, wielding a +0 dagger and wearing a +0 robe (slightly transparent, 72% to hit)
The searing ray hits the orc wizard!
The orc wizard is heavily wounded. (Press . to maintain the ray.)
The orc wizard hits you with a +0 dagger.
* * * LOW HITPOINT WARNING * * *
The orc barely misses you.
The orc wizard points at you and mumbles some strange words.
The magic dart hits you.
* * * LOW HITPOINT WARNING * * *
The searing ray hits the orc wizard.
The orc wizard is severely wounded.
The orc wizard points at you and mumbles some strange words.
The magic dart hits you!
You die...

#####.......#
#...........#
#...........#
##.....o....##
#......).....#
...###.....##
#.. ##o..###
#. #ooo##
##@## ###


You could see 2 orc wizards and 3 orcs.

Vanquished Creatures
  Sigmund (D:2)
  An iguana (D:4)
  Natasha (thrice) (D:3)
  4 adders
  3 worms
  2 dart slugs (D:1)
  2 orcs (D:4)
  3 ball pythons (D:1)
  4 endoplasms
  4 giant cockroaches
  7 goblins
  6 hobgoblins
  3 jackals (D:1)
  A kobold (D:2)
  A quokka (D:2)
  6 bats
  5 frilled lizards
  5 rats
61 creatures vanquished.

Notes
Turn   | Place    | Note
-------+----------+-------------------------------------------
     0 | D:1      | SnakkuSnakku7 the Vampire Conjurer began the quest for the
                  | Orb.
     0 | D:1      | Reached XP level 1. HP: 13/13 MP: 3/3
   152 | D:1      | Reached XP level 2. HP: 19/19 MP: 0/5
   157 | D:1      | Learned a level 2 spell: Searing Ray
   312 | D:1      | Found a faded altar of an unknown god.
   583 | D:1      | Gained mutation: You are afflicted with vampirism and can
                  | become a bat while bloodless. [Vampire growth]
   583 | D:1      | Reached XP level 3. HP: 24/24 MP: 3/6
  1304 | D:2      | Noticed Sigmund
  1397 | D:2      | Reached XP level 4. HP: 30/30 MP: 4/7
  1402 | D:2      | Learned a level 4 spell: Fulminant Prism
  1710 | D:2      | Killed Sigmund
  1711 | D:2      | Reached skill level 5 in Hexes
  1711 | D:2      | Reached XP level 5. HP: 12/35 MP: 0/8
  2143 | D:3      | Reached skill level 6 in Hexes
  2185 | D:3      | Noticed Natasha
  2189 | D:3      | Killed Natasha
  2190 | D:3      | Reached XP level 6. HP: 33/41 MP: 4/9
  2253 | D:3      | Noticed Natasha
  2258 | D:3      | Killed Natasha
  2279 | D:3      | Noticed Natasha
  2283 | D:3      | Killed Natasha
  2311 | D:3      | Found a large runed translucent door.
  2311 | D:3      | Found a large runed translucent door.
  2313 | D:3      | Noticed fiver49's ghost (amateur FoBr)
  2454 | D:3      | Reached skill level 7 in Hexes
  2872 | D:4      | Killed from afar by an orc wizard

Illustrated notes

Levels and vault maps discovered:
D:1:      dpeg_arrival_boxorama, layout_basic,
          ebering_ecumenical_altar_sacrificial
D:2:      layout_basic, uniq_sigmund
D:3:      layout_basic, ebering_ghost_disaster_area, corexii_hall_statues_s,
          uniq_natasha
D:4:      layout_cave_pools, good_gods_mini_temple,
          mainiacjoe_overflow_divided_tiny, gammafunk_ghost_abyssal_escape,
          minmay_distorted, uniq_crazy_yiuf_cottage

Skill      XL: |  1  2  3  4  5  6 |
---------------+-------------------+-----
Conjurations   | 3 4 |  4.3
Hexes          | 5 6 7 |  7.3
Dodging        | |  2.1
Stealth        | |  3.0
Spellcasting   | |  2.0

Action                   |  1- 3 |  4- 6 || total
-------------------------+-------+-------++-------
Melee: Unarmed           |    31 |       ||    31
       Bite              |     4 |     2 ||     6
       Short sword       |    10 |    27 ||    37
       Quarterstaff      |       |    11 ||    11
 Cast: Magic Dart        |    62 |    13 ||    75
       Searing Ray       |     3 |     9 ||    12
  Use: Scroll            |       |     2 ||     2
       Potion            |       |     2 ||     2
 Stab: Sleeping          |       |     3 ||     3
Armor: Robe              |     7 |     1 ||     8
       Leather armour    |       |     9 ||     9
Dodge: Dodged            |    36 |    38 ||    74
